 Dungeon Crawl Stone Soup version 0.19.4-9-g45fd643 (webtiles) character file.

206 protoss039 the Cudgeler (level 5, -3/34 HPs)
             Began as a Gargoyle Gladiator on Feb 21, 2017.
             Slain by Grinder (6 damage)
             ... on level 3 of the Dungeon.
             The game lasted 00:07:42 (2357 turns).

protoss039 the Cudgeler (Gargoyle Gladiator)        Turns: 2357, Time: 00:07:43

Health: -3/34      AC: 10    Str: 20    XL:     5   Next: 84%
Magic:  5/5        EV: 12    Int:  8    God:
Gold:   212        SH:  0    Dex: 10    Spells: 0 memorised, 4 levels left

rFire  . . .     SeeInvis .     a - +0 flail
rCold  . . .     Gourm    .     b - +0 leather armour
rNeg   + . .     Faith    .     (no shield)
rPois  ∞         Spirit   .     c - +0 helmet
rElec  +         Reflect  .     n - +0 cloak
rCorr  .         Harm     .     (no gloves)
MR     .....                    p - +0 pair of boots
Stlth  +.........               (no amulet)
                                (no ring)
                                (no ring)

@: no status effects
A: negative energy resistance 1, electricity resistance, unbreathing,
petrification resistance, rot immunity, AC +4
a: no special abilities


You were on level 3 of the Dungeon.
You were not hungry.

You visited 1 branch of the dungeon, and saw 3 of its levels.

You collected 212 gold pieces.

Inventory:

Hand Weapons
 a - a +0 flail (weapon)
 i - a +0 short sword of electrocution
 k - a +1 short sword of freezing
Missiles
 d - 3 throwing nets (quivered)
 h - 136 stones
Armour
 b - a +0 leather armour (worn)
 c - a +0 helmet (worn)
 n - a +0 cloak (worn)
 p - a +0 pair of boots (worn)
Scrolls
 r - 3 scrolls of identify {unknown}
 t - a scroll of noise {unknown}
 u - a scroll of remove curse {unknown}
 v - a scroll of enchant weapon {unknown}
Potions
 g - a potion of curing {unknown}
 j - a potion of lignification {unknown}
 o - a potion of degeneration {unknown}
 q - a potion of agility {unknown}
 s - a potion of mutation {unknown}
 w - a potion of flight {unknown}
Comestibles
 f - 2 bread rations
 l - 7 chunks of flesh
 m - a slice of pizza


   Skills:
 * Level 4.3 Fighting
 * Level 5.2 Maces & Flails
 - Level 1.7 Throwing
 + Level 0.4 Armour
 - Level 2.4 Dodging


You had 4 spell levels left.
You didn't know any spells.

Dungeon Overview and Level Annotations

Branches:
Dungeon (3/15)

Altars:

Annotations:
D:3 Grinder


Innate Abilities, Weirdness & Mutations

You are resistant to torment.
Your stone body is resilient. (AC +4)
You are immune to poison.
You resist negative energy. (rN+)
You are resistant to electric shocks. (rElec)
You can survive without breathing.
You are immune to petrification.
You are immune to rotting.


Message History

Grinder drinks a potion.
Grinder suddenly seems more resistant.
Grinder blinks!
Grinder gestures at you. Pain shoots through your body!
* * * LOW HITPOINT WARNING * * *
You hit the orc.
The orc is lightly wounded.
The orc hits you but does no damage.
You barely miss the orc.
The orc is lightly wounded.
The orc hits you but does no damage.
You hit the orc.
You kill the orc!
Grinder hits you.
* * * LOW HITPOINT WARNING * * *
You writhe in agony.
* * * LOW HITPOINT WARNING * * *
Unknown command.
It was a potion of cure mutation.
It has a very clean taste.
Grinder hits you.
You die...

.###...###.### ###.#.....# .#
#...###.# #..'(....# .# #....##.#
##(#.....# (# #....##.#
#.#.....#. .# #....##.##
##.#.....#. .# #).......##
##.....(.... .#
#.#..##.#≈####+####≈#.#####(#.
.###.#..##.#§≈≈≈≈.≈§§§≈#.#####(#.
....)...........@.§..§...........
.###.#.....))..5###......#####)#.
.................................
........#.)###..###5#.########.##
####.##.#..# ##.###.....o........
#.......# #..####...######.##
####.#.## #..## #.#..... #.#
.....# #...# #.#..... +.# ....###
#.#.# #.#......###


You could see Grinder.

Vanquished Creatures
  Jessica (D:2)
  Robin (D:2)
  4 adders
  3 gnolls (D:3)
  An ooze (D:1)
  A worm (D:2)
  A dart slug (D:2)
  4 orcs (D:3)
  3 giant cockroaches (D:1)
  16 goblins
  8 hobgoblins
  4 jackals (D:2)
  A quokka (D:3)
  6 bats
  8 frilled lizards
  16 kobolds
  15 rats
93 creatures vanquished.

Notes
Turn   | Place    | Note
-------+----------+-------------------------------------------
     0 | D:1      | protoss039 the Gargoyle Gladiator began the quest for the Orb.
     0 | D:1      | Reached XP level 1. HP: 12/12 MP: 1/1
    60 | D:1      | Reached XP level 2. HP: 15/18 MP: 2/2
   495 | D:1      | Reached XP level 3. HP: 22/22 MP: 3/3
  1176 | D:2      | Reached skill level 4 in Maces & Flails
  1205 | D:2      | Reached XP level 4. HP: 27/28 MP: 4/4
  1274 | D:2      | Noticed Jessica
  1281 | D:2      | Killed Jessica
  1322 | D:2      | Noticed Robin
  1326 | D:2      | Killed Robin
  1328 | D:2      | Reached XP level 5. HP: 26/33 MP: 5/5
  2057 | D:3      | Reached skill level 5 in Maces & Flails
  2303 | D:3      | Noticed Grinder
  2315 | D:3      | Paralysed by Grinder for 7 turns
  2357 | D:3      | Slain by Grinder

Skill      XL: |  1  2  3  4  5 |
---------------+----------------+-----
Fighting       | 3 4 |  4.3
Maces & Flails | 4 5 |  5.2
Throwing       | |  1.7
Armour         | |  0.4
Dodging        | |  2.4

Action                   |  1- 3 |  4- 6 || total
-------------------------+-------+-------++-------
Melee: Flail             |   125 |   158 ||   283
  Use: Potion            |       |     1 ||     1
  Eat: Chunk             |     1 |     4 ||     5
Armor: Leather armour    |    58 |    99 ||   157
Dodge: Dodged            |   108 |   145 ||   253
